 Dungeon Crawl Stone Soup version 0.22.1-6-g1668fe2 (webtiles) character file.

2573 dengdeng the Cruncher (level 9, -4/78 HPs)
             Began as a Minotaur Berserker on Jan 23, 2019.
             Was an Elder of Trog.
             Killed from afar by Dowan (19 damage)
             ... with a shard of ice
             ... on level 7 of the Dungeon.
             The game lasted 00:22:26 (6018 turns).

dengdeng the Cruncher (Minotaur Berserker)          Turns: 6018, Time: 00:22:27

Health: -4/78      AC: 13    Str: 26    XL:     9   Next: 32%
Magic:  8/8        EV: 10    Int:  4    God:    Trog [****..]
Gold:   260        SH:  0    Dex:  9    Spells: 8/8 levels left

rFire    . . .     SeeInvis .   F - +1 lajatang (venom)
rCold    . . .     Gourm    .   (shield currently unavailable)
rNeg     . . .     Faith    .   u - +0 chain mail
rPois    .         Spirit   .   (helmet restricted)
rElec    .         Reflect  .   C - +1 cloak
rCorr    .         Harm     .   w - +0 pair of gloves
MR       .....                  (no boots)
Stlth    ..........             (no amulet)
HPRegen  0.23/turn              g - ring of attention (curse)
MPRegen  0.11/turn              (no ring)

@: lethally poisoned (-4 -> -6), berserk cooldown
A: retaliatory headbutt, horns 2
a: Berserk, Trog's Hand, Brothers in Arms, Renounce Religion


You were on level 7 of the Dungeon.
You worshipped Trog.
Trog was greatly pleased with you.
You were near starving.

You visited 1 branch of the dungeon, and saw 7 of its levels.
You also visited: Sewer.

You collected 260 gold pieces.

Inventory:

Hand Weapons
 s - a +0 war axe
 z - a +2 falchion of draining
 B - a +3 quarterstaff of chaos
 F - a +1 lajatang of venom (weapon)
Missiles
 d - 199 stones (quivered)
 j - 2 javelins
 t - 8 tomahawks
Armour
 u - a +0 chain mail (worn)
 w - a +0 pair of gloves (worn)
 C - a +1 cloak (worn)
Jewellery
 g - a cursed ring of attention (left hand)
 J - an uncursed ring of wizardry {unknown}
Wands
 v - a wand of flame (25)
Scrolls
 a - 2 scrolls of enchant armour {unknown}
 f - 4 scrolls of identify {unknown}
 h - 2 scrolls of amnesia {unknown}
 m - a scroll of immolation {unknown}
 p - a scroll of magic mapping {unknown}
 q - 2 scrolls of remove curse {unknown}
 r - 4 scrolls of teleportation {unknown}
 x - 3 scrolls of fog {unknown}
 y - a scroll of random uselessness {unknown}
 K - a scroll of enchant weapon {unknown}
Potions
 b - 3 potions of agility {unknown}
 e - 4 potions of mutation {unknown}
 i - 3 potions of degeneration {unknown}
 k - 10 potions of curing {unknown}
 l - 2 potions of heal wounds {unknown}
 n - a potion of resistance {unknown}
 o - 5 potions of flight {unknown}
 A - a potion of brilliance {unknown}
 D - a potion of haste {unknown}
 E - a potion of magic {unknown}
 H - a potion of cancellation {unknown}
 I - a potion of lignification {unknown}
Comestibles
 c - 12 rations
 G - 5 chunks of flesh


   Skills:
 + Level 6.4 Fighting
 - Level 2.6 Long Blades
 + Level 8.3 Axes
 * Level 9.4 Staves
 + Level 1.1 Throwing
 + Level 5.1 Armour
 + Level 4.6 Dodging
 + Level 1.2 Stealth


You had 8 spell levels left.
You didn't know any spells.
Your spell library was empty.

Dungeon Overview and Level Annotations

Branches:
Dungeon (7/15)             Temple (0/1) D:5

Altars:
Fedhas

Annotations:
D:7 Dowan


Innate Abilities, Weirdness & Mutations

You reflexively headbutt those who attack you in melee.
You have a pair of horns on your head.


Message History

* * * LOW HITPOINT WARNING * * *
The sky beast shocks you.
* * * LOW HITPOINT WARNING * * *
You hit Duvessa.
You kill Duvessa!
Trog accepts your kill.
You hear a distant wail of despair.
The sky beast barely misses you. You furiously retaliate!
You headbutt the sky beast, but do no damage.
Dowan seems to find hidden reserves of power!
The sky beast closely misses you.
Items here: ! $ ) [ a short sword; a leather armour; a smoky amethyst potion; 14 gold pieces Unknown command.
Dowan hits you but does no damage.
You are poisoned.
The sky beast completely misses you. Dowan gestures at you while chanting.
The shard of ice hits you!
You die...

#...# ...
....(...... #...#
#..##..........
######...## #
#..##.........#
#.........#
..##:.....%......#
#...o%)...#
.......รทรท)........
#...##<)..#
..##./##..##<.....
#.
#########+##..##..#
###e.
....##...##......#
........)@e......#
....##..Y.#......# #
#...##......#
#...##......#
.....##..##..#
......##..##...#
..##...##..##..## ..
#........ ..#


You could see a sky beast and Dowan.

Vanquished Creatures
  Grinder (D:3)
  3 humans (D:6)
  Menkaure (D:7)
  Duvessa (D:7)
  2 ice beasts
  2 sky beasts (D:5)
  A black bear (D:6)
  A centaur (D:5)
  An ogre (D:7)
  A phantom (D:5)
  A big kobold (Sewer)
  A bullfrog (D:7)
  4 wights (D:6)
  2 crimson imps
  A howler monkey (D:5)
  A hound (D:6)
  2 orc priests
  2 jellies
  Crazy Yiuf (D:4)
  2 iguanas
  4 orc wizards
  2 worker ants (D:5)
  2 hound skeletons
  A worker ant zombie (D:6)
  3 river rats
  6 adders
  A shadow imp (D:3)
  An adder skeleton (D:6)
  5 worms
  2 dart slugs
  6 leopard geckos
  19 orcs
  4 giant cockroaches
  10 goblins
  10 hobgoblins
  6 jackals
  2 quokkas (D:1)
  2 ball pythons
  5 bats
  5 frilled lizards
  A jackal zombie (D:5)
  11 kobolds
  12 rats
  3 fungi (D:4)
154 creatures vanquished.

Notes
Turn   | Place    | Note
-------+----------+-------------------------------------------
     0 | D:1      | dengdeng the Minotaur Berserker began the quest for the
                  | Orb.
     0 | D:1      | Reached XP level 1. HP: 19/19 MP: 0/0
   104 | D:1      | Reached XP level 2. HP: 12/27 MP: 1/1
   523 | D:1      | Reached ** piety under Trog
   574 | D:1      | Reached XP level 3. HP: 24/33 MP: 2/2
  1044 | D:2      | Reached skill level 5 in Axes
  1241 | D:2      | Reached XP level 4. HP: 40/40 MP: 3/3
  2443 | D:3      | Noticed Grinder
  2447 | D:3      | Paralysed by Grinder for 6 turns
  2454 | D:3      | Killed Grinder
  2454 | D:3      | Reached XP level 5. HP: 23/47 MP: 4/4
  2454 | D:3      | Reached XP level 6. HP: 26/53 MP: 5/5
  3172 | D:4      | Reached *** piety under Trog
  3175 | D:4      | Reached skill level 1 in Stealth
  3587 | D:4      | Found a runed door.
  3591 | D:4      | Noticed Crazy Yiuf
  3595 | D:4      | Killed Crazy Yiuf
  3795 | D:5      | Entered Level 5 of the Dungeon
  3795 | D:5      | Found a staircase to the Ecumenical Temple.
  3845 | D:5      | Noticed an ice beast
  3854 | D:5      | Killed an ice beast
  3854 | D:5      | Reached skill level 1 in Long Blades
  3854 | D:5      | Reached XP level 7. HP: 56/60 MP: 6/6
  4057 | D:5      | Reached skill level 5 in Fighting
  4405 | D:5      | Reached skill level 1 in Staves
  4532 | D:5      | Reached skill level 2 in Staves
  4738 | D:5      | Reached XP level 8. HP: 61/68 MP: 7/7
  4773 | D:5      | Reached skill level 3 in Staves
  5195 | D:6      | Reached skill level 4 in Staves
  5278 | D:6      | Reached skill level 5 in Staves
  5324 | D:6      | Reached skill level 6 in Staves
  5355 | D:6      | Reached skill level 7 in Staves
  5355 | D:6      | Reached skill level 1 in Throwing
  5447 | D:6      | Reached skill level 8 in Staves
  5447 | D:6      | Reached XP level 9. HP: 57/75 MP: 8/8
  5525 | D:6      | Found a blossoming altar of Fedhas.
  5586 | D:6      | Reached **** piety under Trog
  5634 | D:6      | Found a glowing drain.
  5641 | Sewer    | Entered a sewer
  5744 | Sewer    | Found a white marble altar of Elyvilon.
  5974 | D:7      | Noticed Menkaure
  5985 | D:7      | Killed Menkaure
  5985 | D:7      | Reached skill level 9 in Staves
  5985 | D:7      | Reached skill level 5 in Armour
  6001 | D:7      | Noticed Duvessa
  6002 | D:7      | Noticed Dowan
  6016 | D:7      | Killed Duvessa
  6018 | D:7      | Killed from afar by Dowan

Skill      XL: |  1  2  3  4  5  6  7  8  9 |
---------------+----------------------------+-----
Axes           | 4 5 6 7 8 |  8.3
Fighting       | 4 5 6 |  6.4
Dodging        | 3 4 |  4.6
Stealth        | 1 |  1.2
Long Blades    | 1 2 |  2.6
Armour         | 4 5 |  5.1
Staves         | 2 8 9 |  9.4
Throwing       | 1 |  1.1

Action                   |  1- 3 |  4- 6 |  7- 9 || total
-------------------------+-------+-------+-------++-------
Melee: Hand axe          |    87 |    26 |       ||   113
       Headbutt          |    11 |    19 |    46 ||    76
       War axe           |       |    38 |       ||    38
       Falchion          |       |    43 |    28 ||    71
       Lajatang          |       |       |   177 ||   177
Throw: Stone             |     1 |       |    24 ||    25
Invok: Trog's Hand       |       |     2 |     2 ||     4
       Berserk           |       |       |     1 ||     1
 Stab: Sleeping          |     2 |       |       ||     2
  Eat: Chunk             |     1 |     4 |     6 ||    11
       Ration            |       |     1 |     1 ||     2
Armor: Animal skin       |    21 |    10 |       ||    31
       Chain mail        |       |    22 |   130 ||   152
Dodge: Dodged            |    56 |    46 |   131 ||   233
       Rpst.: Falchion   |       |       |     5 ||     5
